 Dungeon Crawl Stone Soup version 0.27-a0-1301-g128193abf8 (webtiles) character file.

Game seed: 5617947232949715595

115 BlueGoblin the Magician (level 5, -7/36 HPs)
             Began as a Djinni Ice Elementalist on June 17, 2021.
             Mangled by Duvessa (20 damage)
             ... on level 4 of the Dungeon.
             The game lasted 00:09:59 (3593 turns).

BlueGoblin the Magician (Djinni Ice Elementalist)   Turns: 3593, Time: 00:09:59

Health: -7/36      AC:  3    Str:  7    XL:     5   Next: 20%
Gold:   129        EV: 12    Int: 17    God:
                   SH:  0    Dex: 14

rFire    + + .     SeeInvis .   u - +0 rapier
rCold    x . .     Faith    .   (no shield)
rNeg     . . .     Spirit   .   a - +0 robe
rPois    ∞         Reflect  .   q - +0 helmet
rElec    .         Harm     .   (no cloak)
rCorr    .         Rampage  .   (no gloves)
Will     .....                  (boots unavailable)
Stlth    ++........             (no amulet)
HPRegen  0.12/turn              (no ring)
MPRegen  0.00/turn              (no ring)

@: flying
A: sickness immunity, fire resistance 2, cold vulnerability 1, float, innate
caster, hp casting, extra vitality 1
a: no special abilities


You were on level 4 of the Dungeon.
You visited 1 branch of the dungeon, and saw 4 of its levels.

You collected 129 gold pieces.

Inventory:

Hand Weapons
 b - a +0 dagger
 u - a +0 rapier (weapon)
Armour
 a - a +0 robe (worn)
 c - a +0 leather armour
 q - a +0 helmet (worn)
Scrolls
 d - 4 scrolls of identify {unknown}
 e - a scroll of blinking {unknown}
 i - a scroll of teleportation {unknown}
 j - a scroll of summoning {unknown}
 l - a scroll of amnesia {unknown}
 p - a scroll of fog {unknown}
 t - a scroll of enchant armour {unknown}
 v - a scroll of torment {unknown}
 w - a scroll of fear {unknown}
Potions
 f - a potion of degeneration {unknown}
 g - a potion of brilliance {unknown}
 k - a potion of invisibility {unknown}
 m - 3 potions of curing {unknown}
 n - a potion of ambrosia {unknown}
 o - a potion of flight {unknown}
 r - a potion of attraction {unknown}
 s - a potion of cancellation {unknown}


   Skills:
 + Level 0.5 Fighting
 + Level 2.4 Dodging
 + Level 1.9 Stealth
 + Level 4.5 Spellcasting


You couldn't memorise any spells.
You knew the following spells:

 Your Spells              Type           Power      Damage    Failure   Level
a - Freeze                Ice            76%        1d9       2%          1
b - Frozen Ramparts       Ice            38%        1d5       7%          3
c - Ozocubu's Armour      Ice            19%        N/A       7%          3
d - Hailstorm             Conj/Ice       19%        3d6       22%         4
e - Metabolic Englaciati  Hex/Ice        9%         N/A       54%         5
f - Magic Dart            Conj           76%        1d6       2%          1
g - Slow                  Hex            19%        N/A       3%          2
Your spell library was empty.

Dungeon Overview and Level Annotations

Branches:
Dungeon (4/15)
 Temple: D:4-7

Altars:

Annotations:
D:4 Duvessa


Innate Abilities, Weirdness & Mutations

You are immune to sickness and miasma.
You are immune to poison.
Your flesh is very heat resistant. (rF++)
You are vulnerable to cold. (rC-)
You float through the air rather than walking.
You learn spells naturally, not from books.
Your magical power is your life essence.
You have superior vitality. (+4 HP)


Message History

Aiming: Freeze (safe; 2% risk of failure)
Press: ? - help, Shift-Dir - straight line, f/p - Duvessa
Aim: Duvessa, wielding a +0 short sword and wearing a +0 leather armour (lightly wounded, berserk)
You freeze Duvessa.
Duvessa is moderately wounded.
The wall freezes Duvessa.
Duvessa hits you with a +0 short sword!
The wall freezes Duvessa.
Duvessa hits you with a +0 short sword.
Casting: Freeze (safe; 2% risk of failure)
Confirm with . or Enter, or press ? or * to list all spells.
Aiming: Freeze (safe; 2% risk of failure)
Press: ? - help, Shift-Dir - straight line, f/p - Duvessa
Aim: Duvessa, wielding a +0 short sword and wearing a +0 leather armour (moderately wounded, berserk)
You freeze Duvessa.
Duvessa is moderately wounded.
* * * LOW HITPOINT WARNING * * *
The frozen ramparts melt away.
Duvessa closely misses you.
Okay, then.
You feel much better. Duvessa hits you with a +0 short sword.
Duvessa hits you with a +0 short sword!
Okay, then.
You feel much better. Duvessa hits you with a +0 short sword!
Casting: Freeze (safe; 2% risk of failure)
Confirm with . or Enter, or press ? or * to list all spells.
Okay, then.
Casting: Freeze (safe; 2% risk of failure)
Confirm with . or Enter, or press ? or * to list all spells.
Aiming: Freeze (safe; 2% risk of failure)
Press: ? - help, Shift-Dir - straight line, f/p - Duvessa
Aim: Duvessa, wielding a +0 short sword and wearing a +0 leather armour (moderately wounded, berserk)
You freeze Duvessa.
Duvessa is moderately wounded.
Duvessa hits you with a +0 short sword. Duvessa hits you with a +0 short sword!
Your icy armour will break if you move.
Continue?
Your icy armour cracks and falls away as you move.
Duvessa rages.
Duvessa closely misses you. Duvessa barely misses you.
Duvessa hits you with a +0 short sword!!
Ouch! That really hurt!
You die...

#.# #.# #.# #.# #.#
##.## ### #####
##...###.###...#
#.....#......#.#
..##...###.###..@####
#..............(.e..#
#####.#####.##..##..#
#.# #.##...#..# #+#
#.##.#.#).#
#.##......#
#.####.##.# #..
......# ####...####


You could see Duvessa (berserk).

Vanquished Creatures
  Dowan (D:4)
  An adder (D:3)
  3 worms
  2 dart slugs (D:3)
  A ball python (D:3)
  7 endoplasms
  3 giant cockroaches
  3 hobgoblins
  2 jackals (D:3)
  2 quokkas
  6 bats
  A frilled lizard (D:2)
  2 goblins (D:2)
  5 kobolds
  5 rats
44 creatures vanquished.

Notes
Turn   | Place    | Note
-------+----------+-------------------------------------------
     0 | D:1      | BlueGoblin the Djinni Ice Elementalist began the quest for
                  | the Orb.
     0 | D:1      | Reached XP level 1. HP: 15/15 MP: 0/0
   375 | D:1      | Reached XP level 2. HP: 10/21 MP: 0/0
   964 | D:1      | Found a faded altar of an unknown god.
  1449 | D:2      | Reached XP level 3. HP: 20/25 MP: 0/0
  1449 | D:2      | Learned a level 1 spell: Magic Dart
  2466 | D:3      | Reached skill level 4 in Spellcasting
  2578 | D:3      | Reached XP level 4. HP: 25/31 MP: 0/0
  3574 | D:4      | Noticed Dowan
  3579 | D:4      | Noticed Duvessa
  3582 | D:4      | Killed Dowan
  3583 | D:4      | Reached XP level 5. HP: 15/36 MP: 0/0
  3583 | D:4      | Learned a level 2 spell: Slow
  3593 | D:4      | Mangled by Duvessa

Illustrated notes

Levels and vault maps discovered:
D:1:      lordsloth_arrival_two_stooges, layout_basic,
          shapermc_ecumenical_altar_mp_vishouse
D:2:      layout_loops_cross, chequers_hall_statues_wall_a
D:3:      layout_rooms, minmay_misc_feat_ornament
D:4:      layout_loops_corners, old_standard_altar, ebering_ghost_sewer_f,
          kennysheep_generic_room_8, uniq_duvessa

Skill      XL: |  1  2  3 |
---------------+----------+-----
Spellcasting   | 4 |  4.5
Fighting       | |  0.5
Dodging        | |  2.4
Stealth        | |  1.9

Action                   |  1- 3 |  4- 6 || total
-------------------------+-------+-------++-------
Melee: Dagger            |     2 |       ||     2
 Cast: Freeze            |    34 |     9 ||    43
       Magic Dart        |    24 |    33 ||    57
       Ozocubu's Armour  |     1 |     2 ||     3
       Frozen Ramparts   |     1 |     2 ||     3
       Slow              |       |     1 ||     1
  Use: Potion            |       |     3 ||     3
Armor: Robe              |     8 |       ||     8
Dodge: Dodged            |    12 |     7 ||    19

Table legend: (Time is in decaauts)
 A = Elapsed time spent in this place.
 B = Non-inter-level travel time spent in this place.
 C = Inter-level travel time spent in this place.
 D = Time resting spent in this place.
 E = Time spent auto-exploring this place.
 F = Levels seen in this place.
 G = Mean time per level.
                   A        B        C        D        E       F      G
               +--------+--------+--------+--------+--------+-----+--------+
         Total |   3593 |   3499 |     94 |   1403 |   1611 |   4 |  898.2 |
       Dungeon |   3593 |   3499 |     94 |   1403 |   1611 |   4 |  898.2 |
               +--------+--------+--------+--------+--------+-----+--------+

Top non-repeatable levels by time:
     D:3: 1264 daAuts
     D:2: 1176 daAuts
     D:1: 988 daAuts
     D:4: 163 daAuts
